 Dungeon Crawl Stone Soup version 0.25.1-9-gc5326a611f (webtiles) character file.

Game seed: 8690436843796608560

1500 sankara the Cleaver (level 8, -5/68 HPs)
             Began as a Hill Orc Fighter on Jan 1, 2021.
             Was a Believer of Kikubaaqudgha.
             Slain by an orc warrior
             ... wielding a +0 halberd
              (20 damage)
             ... on level 7 of the Dungeon.
             The game lasted 00:18:06 (5473 turns).

sankara the Cleaver (Hill Orc Fighter)              Turns: 5473, Time: 00:18:07

Health: -5/68      AC: 11    Str: 19    XL:     8   Next: 81%
Magic:  8/8        EV:  9    Int:  9    God:    Kikubaaqudgha [**....]
Gold:   234        SH: 16    Dex: 11    Spells: 6/7 levels left

rFire    . . .     SeeInvis .   a - +1 war axe
rCold    . . .     Gourm    .   c - +1 kite shield
rNeg     . . .     Faith    .   k - +3 leather armour
rPois    .         Spirit   .   j - +2 helmet
rElec    .         Reflect  +   (no cloak)
rCorr    +         Harm     .   G - +0 pair of gloves (curse)
MR       .....     Rnd*Tele +   (no boots)
Stlth    +.........             r - amulet of reflection
HPRegen  0.21/turn              F - ring of resist corrosion
MPRegen  0.11/turn              b - ring of teleportation (curse)

@: no status effects
A: no striking features
a: Receive Corpses, Renounce Religion


You were on level 7 of the Dungeon.
You worshipped Kikubaaqudgha.
Kikubaaqudgha was pleased with you.
You were not hungry.

You visited 1 branch of the dungeon, and saw 7 of its levels.

You collected 234 gold pieces.

Inventory:

Hand Weapons
 a - a +1 war axe (weapon)
 w - a +0 hunting sling
Missiles
 g - 5 poisoned darts
 h - 208 stones (quivered)
 o - 17 sling bullets
Armour
 c - a +1 kite shield (worn)
 j - a +2 helmet (worn)
 k - a +3 leather armour (worn)
 p - a +0 chain mail
 G - a cursed +0 pair of gloves (worn)
Jewellery
 b - a cursed ring of teleportation (right hand)
 i - an uncursed ring of fire
 r - an amulet of reflection (around neck)
 F - a ring of resist corrosion (left hand)
Wands
 q - a wand of random effects (7)
Scrolls
 e - 2 scrolls of teleportation
 s - a scroll of fear
 t - 4 scrolls of immolation
 y - a scroll of blinking
 z - 2 scrolls of enchant weapon
 A - 2 scrolls of enchant armour
Potions
 d - a potion of might
 l - 2 potions of heal wounds
 m - 3 potions of curing
 n - 2 potions of flight
 u - a potion of haste
 x - a potion of cancellation
 D - a potion of mutation {unknown}
 E - a potion of brilliance {unknown}
Comestibles
 f - 10 rations


   Skills:
 - Level 5.0 Fighting
 * Level 9.4 Axes
 + Level 6.3 Armour
 + Level 6.2 Shields
 - Level 3.0 Necromancy


You had 6 spell levels left.
You knew the following spells:

 Your Spells              Type           Power        Failure   Level  Hunger
a - Pain                  Necr           #...         41%         1    ##.....

Your spell library contained the following spells:

 Spells                   Type           Power        Failure   Level  Hunger
 Sublimation of Blood     Necr           #.........   54%         2    ###....
 Corpse Rot               Necr/Air       N/A          77%         2    ###....
 Vampiric Draining        Necr           #.........   78%         3    ####...


Dungeon Overview and Level Annotations

Branches:
Dungeon (7/15)
 Temple: D:4-7

Altars:
Ashenzari
Cheibriados
Gozag
Kikubaaqudgha
Makhleb
Okawaru
Qazlal
Xom
Zin


Message History

Aiming: Random Effects
Press: ? - help, Shift-Dir - straight line, f/p - orc
Aim: an orc, wielding a +0 dagger The orc warrior twists and deforms.
You block the orc warrior's attack.
The orc priest mumbles some strange prayers to Beogh against you.
Beogh smites you!
* * * LOW HITPOINT WARNING * * *
Evoke which item? (* to show all) (? for menu, Esc to quit)
Aiming: Random Effects
Press: ? - help, Shift-Dir - straight line, f/p - orc
Aim: an orc, wielding a +0 dagger The mass of ice explodes!
The iceblast engulfs the orc warrior!
The orc warrior is heavily wounded.
The iceblast engulfs you but does no damage.
The iceblast engulfs the orc priest!
You kill the orc priest!
Kikubaaqudgha accepts your kill.
The orc warrior hits you with a +0 halberd!!
You die...
Kikubaaqudgha rasps: "You have failed me!
Welcome... death!"

### #.# ###.# ...#
####################.#####
#...........@o.oo........#
#.#####################..#
#.# ..# ##.## a.# ####...#
..# .....#..# ..#
####...## o.# ##.## o## .#


You could see an orc warrior (misshapen) and 2 orcs.

Vanquished Creatures
  An ice beast (D:6)
  2 sky beasts
  A phantom (D:6)
  A necrophage (D:6)
  2 ogres (D:5)
  A centaur (D:5)
  A bullfrog (D:6)
  A scorpion (D:4)
  A howler monkey (D:5)
  2 crimson imps (D:6)
  A bullfrog zombie (D:6)
  2 hounds
  3 bullfrog skeletons
  4 orc priests
  An orc wizard (D:5)
  Terence (D:2)
  2 worker ants
  9 adders
  2 oozes
  An adder zombie (D:6)
  2 adder skeletons
  A worm (D:3)
  2 dart slugs
  4 leopard geckos
  14 orcs
  8 giant cockroaches
  6 goblins
  7 hobgoblins
  4 jackals (D:1)
  2 quokkas
  3 ball pythons
  10 bats
  4 frilled lizards
  10 kobolds
  2 rats
118 creatures vanquished.

Notes
Turn   | Place    | Note
-------+----------+-------------------------------------------
     0 | D:1      | sankara the Hill Orc Fighter began the quest for the Orb.
     0 | D:1      | Reached XP level 1. HP: 19/19 MP: 1/1
   112 | D:1      | Reached skill level 3 in Axes
   210 | D:1      | Reached XP level 2. HP: 20/27 MP: 2/2
   524 | D:1      | Reached XP level 3. HP: 31/33 MP: 3/3
  1166 | D:2      | Found an ancient bone altar of Kikubaaqudgha.
  1198 | D:2      | Became a worshipper of Kikubaaqudgha
  1225 | D:2      | Noticed Terence
  1237 | D:2      | Killed Terence
  1237 | D:2      | Reached skill level 4 in Axes
  1237 | D:2      | Reached XP level 4. HP: 34/40 MP: 4/4
  1551 | D:3      | Noticed an angel
  1552 | D:3      | Found a shimmering altar of Xom.
  1846 | D:3      | Found a glowing silver altar of Zin.
  1872 | D:3      | Reached XP level 5. HP: 45/47 MP: 5/5
  1906 | D:3      | Found a shattered altar of Ashenzari.
  2199 | D:3      | Reached skill level 5 in Axes
  2213 | D:3      | Reached * piety under Kikubaaqudgha
  2213 | D:3      | Identified Kikubaaqudgha's Incunabulum of Evil
                  | (Kikubaaqudgha gifted it to you on level 3 of the Dungeon)
  2213 | D:3      | Received a gift from Kikubaaqudgha
  2227 | D:3      | Learned a level 1 spell: Pain
  2560 | D:3      | Found a stormy altar of Qazlal.
  2684 | D:4      | Found an iron altar of Okawaru.
  2735 | D:4      | Reached XP level 6. HP: 36/53 MP: 6/6
  2941 | D:4      | Reached skill level 1 in Necromancy
  3270 | D:5      | Entered Level 5 of the Dungeon
  3276 | D:5      | Found a snail-covered altar of Cheibriados.
  3297 | D:5      | Found an opulent altar of Gozag.
  3417 | D:5      | Noticed a sky beast
  3430 | D:5      | Killed a sky beast
  3430 | D:5      | Reached skill level 5 in Fighting
  3430 | D:5      | Reached skill level 6 in Axes
  3432 | D:5      | Reached XP level 7. HP: 61/61 MP: 7/7
  3491 | D:5      | Reached skill level 5 in Armour
  3582 | D:5      | Reached skill level 7 in Axes
  3582 | D:5      | Reached skill level 5 in Shields
  3589 | D:5      | HP: 1/61 [orc priest/nerve-wracking pain (11)]
  3953 | D:5      | Reached XP level 8. HP: 55/68 MP: 5/8
  4345 | D:6      | Reached skill level 8 in Axes
  4570 | D:6      | Found a burning altar of Makhleb.
  4614 | D:6      | Reached ** piety under Kikubaaqudgha
  5222 | D:6      | Reached skill level 9 in Axes
  5473 | D:7      | Slain by an orc warrior

Illustrated notes

Levels and vault maps discovered:
D:1:      lemuel_arrival_river_ford, layout_loops_cross
D:2:      layout_basic, old_standard_altar, kennysheep_generic_room_3,
          uniq_terence
D:3:      layout_loops_ring, grunt_temple_overflow_order_and_chaos_1,
          ashenzari_conservatory_becter, nicolae_overflow_hidden_temple,
          first_ration, chequers_garden, chequers_serial_rivers_small_b
D:4:      layout_basic, okawaru_trees_1
D:5:      layout_basic, cheibriados_altar_1, basic_altar
D:6:      layout_cave_pods, overflow_temple_1_default, kennysheep_generic_room_6
D:7:      layout_basic, minmay_temple_entry_statues_fountains, serial_shops,
          shop, minmay_misc_feat_tower

Skill      XL: |  1  2  3  4  5  6  7  8 |
---------------+-------------------------+-----
Axes           | 3 4 5 6 7 9 |  9.4
Fighting       | 4 5 |  5.0
Shields        | 4 5 6 |  6.2
Armour         | 4 5 6 |  6.3
Necromancy     | 1 2 3 |  3.0

Action                   |  1- 3 |  4- 6 |  7- 9 || total
-------------------------+-------+-------+-------++-------
Melee: War axe           |   111 |   179 |   170 ||   460
 Cast: Pain              |       |       |     2 ||     2
Evoke: Wand              |       |     3 |     7 ||    10
  Use: Potion            |       |       |     1 ||     1
       Scroll            |       |       |    14 ||    14
  Eat: Chunk             |     1 |     8 |     4 ||    13
       Ration            |       |       |     1 ||     1
Armor: Scale mail        |    57 |       |       ||    57
       Chain mail        |    14 |    73 |       ||    87
       Leather armour    |       |    26 |    77 ||   103
Dodge: Dodged            |    37 |    57 |    53 ||   147
Block: Kite shield       |    64 |    99 |    86 ||   249
